 Dungeon Crawl Stone Soup version 0.17-a0-1769-g54adf96 (console) character file.

44 Illiel the Shooter (level 3, -2/23 HPs)
             Began as a High Elf Arcane Marksman on Sept 7, 2015.
             Slain by a gnoll
             ... wielding a +0 spear
              (5 damage)
             ... on level 2 of the Dungeon.
             The game lasted 00:04:39 (887 turns).

Illiel the Shooter (High Elf Arcane Marksman)        Turns: 887, Time: 00:04:40

Health: -2/23      AC:  3    Str: 10    XL:     3   Next: 39%
Magic:  2/7        EV: 13    Int: 17    God:
Gold:   64         SH:  0    Dex: 15    Spells: 2 memorised, 3 levels left

rFire  . . .     SeeInvis .     a - +0 shortbow
rCold  . . .     Clarity  .     c - +0 robe
rNeg   . . .     SustAt   .     (no shield)
rPois  .         Gourm    .     (no helmet)
rElec  .         Spirit   .     (no cloak)
rCorr  .         Warding  .     k - +0 pair of gloves
rMut   .         Stasis   .     (no boots)
MR     .....                    (no amulet)
Stlth  +.........               (no ring)
                                (no ring)

@: very slightly contaminated, not resistant to hostile enchantments, very
unstealthy
A: no striking features
a: no special abilities


You were on level 2 of the Dungeon.
You were not hungry.

You visited 1 branch of the dungeon, and saw 2 of its levels.

You collected 64 gold pieces.

Inventory:

Hand weapons
 a - a +0 shortbow (weapon)
Missiles
 b - 20 arrows (quivered)
Armour
 c - a +0 robe (worn)
 k - a +0 pair of gloves (worn)
Magical staves
 h - an uncursed staff of summoning {unknown}
Scrolls
 i - a scroll of enchant weapon {unknown}
Potions
 f - a potion of curing {unknown}
 g - a potion of haste {unknown}
Books
 d - a book of Debilitation

   Spells                             Type                      Level
   a - Corona                         Hexes                        1
   b - Slow                           Hexes                        2
   c - Gell's Gravitas                Hexes/Translocation          3
   d - Inner Flame                    Hexes/Fire                   3
   e - Cause Fear                     Hexes                        4
   f - Leda's Liquefaction            Hexes/Earth                  4
Comestibles
 e - a bread ration
 j - a meat ration


   Skills:
 + Level 1.5 Fighting
 * Level 3.7 Bows
 + Level 2.3 Dodging
 + Level 2.0 Spellcasting
 + Level 3.3 Hexes


You had 3 spell levels left.
You knew the following spells:

 Your Spells              Type           Power        Failure   Level  Hunger
a - Corona                Hex            ##.....      6%          1    #......
b - Slow                  Hex            ##......     10%         2    ###....


Dungeon Overview and Level Annotations

Branches:
Dungeon (2/15)

Altars:


Message History

Press: ? - help, Shift-Dir - straight line, f/p - gnoll
Aim: a gnoll, wielding a club (slow)
You shoot an arrow. The arrow hits the gnoll.
The gnoll is heavily wounded.
The bat hits you but does no damage.
The gnoll hits you from afar with a spear!
The bat hits you. The bat closely misses you.
Firing (i - inventory):
b - 21 arrows (quivered)
Press: ? - help, Shift-Dir - straight line, f/p - gnoll
Aim: a gnoll, wielding a club (slow)
You shoot an arrow. The arrow misses the bat.
The arrow barely misses the gnoll.
The arrow hits the gnoll.
The gnoll is lightly wounded.
The bat barely misses you.
The gnoll hits you from afar with a spear!
* * * LOW HITPOINT WARNING * * *
The gnoll is no longer moving slowly.
The gnoll hits you from afar with a spear.
You die...

▒▒▒▒▒ ▒▒∙∙∙▒▒
▒▒∙∙∙∙∙▒▒ ▒∙∙∙∙∙∙∙▒
▒∙∙∙∙∙∙∙▒ ▒∙∙∙∙∙%∙▒
▒▒∙>∙∙∙▒▒ ▒▒∙∙∙∙∙▒▒▒▒
▒▒▒▒ ▒∙∙∙∙∙∙∙▒∙▒
▒▒▒∙∙▒ ▒∙∙∙∙(∙∙∙∙▒
∙%∙∙∙▒▒ ▒▒∙∙∙∙∙∙∙∙∙▒
∙▒∙∙∙(▒▒ ▒∙∙∙∙∙∙∙∙∙▒▒
∙▒▒∙∙(∙▒▒▒▒▒∙∙g∙∙∙∙∙▒▒
∙▒▒∙∙▒(%(∙g∙∙∙▒▒@∙∙▒▒
∙▒▒▒▒▒∙∙∙∙∙▒▒∙▒▒∙∙▒▒
∙▒▒▒▒▒∙▒▒∙▒▒▒∙▒▒∙∙∙▒
∙∙∙∙∙∙∙▒▒∙∙∙▒∙▒∙∙▒∙▒▒
∙▒▒∙▒▒▒▒▒▒▒∙▒∙∙∙▒▒∙∙▒▒
▒ ▒∙∙∙∙▒▒▒▒∙∙▒ ▒∙∙∙∙▒
▒▒∙▒ ▒▒∙▒∙∙▒▒ ▒∙▒▒
∙∙▒∙∙▒∙∙∙▒▒▒▒∙∙▒▒
▒∙∙∙∙∙∙∙∙∙∙∙▒▒∙∙▒
▒▒▒∙▒▒∙▒∙∙∙∙▒▒▒<▒ ▒∙
▒∙▒▒∙∙∙▒ ▒∙▒ ∙∙▒ ∙∙∙▒
▒∙▒


∙∙∙∙ ▒▒▒▒ ▒∙▒ ▒ ∙∙∙∙∙ ▒∙▒ ▒▒▒▒∙▒▒ ∙∙∙∙∙∙ ▒∙▒ ∙∙∙▒∙∙ ∙∙∙∙∙∙ ▒∙▒ You could see a
gnoll.

Vanquished Creatures
  A gnoll (D:2)
  A worm (D:2)
  5 goblins (D:1)
  2 hobgoblins (D:1)
  4 jackals (D:2)
  A kobold (D:1)
  8 bats
  3 giant cockroaches (D:1)
  A giant newt (D:2)
  5 rats
31 creatures vanquished.

Notes
Turn   | Place    | Note
--------------------------------------------------------------
     0 | D:1      | Illiel the High Elf Arcane Marksman began the quest for the Orb.
     0 | D:1      | Reached XP level 1. HP: 13/13 MP: 3/3
   133 | D:1      | Reached XP level 2. HP: 18/18 MP: 1/5
   661 | D:2      | Learned a level 2 spell: Slow
   762 | D:2      | Reached XP level 3. HP: 19/23 MP: 6/6
   887 | D:2      | Slain by a gnoll

Vault maps used:
D:1:      saegor_arrival_simple_d
D:2:      lemuel_doored_altar

Action                   || total
-------------------------++-------
 Fire: Shortbow          ||    91
 Cast: Corona            ||     8
       Slow              ||     3
